 Dungeon Crawl Stone Soup version 0.28-a0-1524-ge72afd5fc6 (webtiles) character file.

Game seed: 14706761549848606266

117 sbbq2022 the Skirmisher (level 5, -16/28 HPs)
             Began as a Vine Stalker Fighter on Jan 17, 2022.
             Blown up by Ijyb (20 damage)
             ... with a mindburst bolt
             ... on level 3 of the Dungeon.
             The game lasted 00:02:16 (1646 turns).

sbbq2022 the Skirmisher (Vine Stalker Fighter)      Turns: 1646, Time: 00:02:17

Health: -16/28     AC: 11    Str: 20    XL:     5   Next: 1%
Magic:  0/6        EV:  9    Int:  8    God:
Gold:   141        SH:  5    Dex: 14    Spells: 4/4 levels left

rFire   . . .      SeeInvis .   a - +0 rapier
rCold   . . .      Faith    .   c - +0 buckler
rNeg    . . .      Spirit   +   b - +0 scale mail
rPois   .          Reflect  .   j - +2 helmet
rElec   .          Harm     .   (no cloak)
rCorr   .          Rampage  .   e - +0 pair of gloves
Will    .....                   (no boots)
Stlth   ..........              (no amulet)
HPRegen 0.89/turn               (no ring)
MPRegen 0.10/turn               (no ring)

@: mighty
A: fangs 2, regeneration 1, magic shield, antimagic bite, no potion heal 2
a: no special abilities


You were on level 3 of the Dungeon.
You visited 1 branch of the dungeon, and saw 3 of its levels.

You collected 180 gold pieces.
You spent 39 gold pieces at shops.

Inventory:

Hand Weapons
 a - a +0 rapier (weapon)
 i - a +0 dagger
Armour
 b - a +0 scale mail (worn)
 c - a +0 buckler (worn)
 e - a +0 pair of gloves (worn)
 j - a +2 helmet (worn)
Scrolls
 g - 2 scrolls of blinking {unknown}
 l - a scroll of teleportation {unknown}
 o - 2 scrolls of enchant weapon {unknown}
Potions
 f - a potion of curing
 h - a potion of attraction {unknown}
 k - a potion of degeneration {unknown}
 m - a potion of cancellation {unknown}
 n - a potion of heal wounds


   Skills:
 + Level 3.2 Fighting
 * Level 2.9 Short Blades
 + Level 2.9 Armour
 + Level 1.2 Dodging
 + Level 3.1 Shields


You had 4 spell levels left.
You didn't know any spells.
Your spell library was empty.

Dungeon Overview and Level Annotations

Branches:
Dungeon (3/15)

Altars:

Shops:
D:1 !   D:2 *   D:3 *

Annotations:
D:3 Ijyb


Innate Abilities, Weirdness & Mutations

You have extremely sharp teeth.
Your natural rate of healing is unusually fast.
When hurt, damage is shared between your health and your magic reserves.
Your bite disrupts and absorbs the magic of your enemies.
Potions cannot restore your health.


Message History

You feel very mighty all of a sudden. Ijyb screams, "I no like you!"
Ijyb closely misses you.
Unknown command.
You hit Ijyb but do no damage. You bite Ijyb. You drain her power.
You feel invigorated.
Ijyb is moderately wounded.
Ijyb screams, "Me very upset!"
Ijyb hits you with a +0 club.
Ijyb zaps a wand.
Your mind is blasted!
* * * LOW HITPOINT WARNING * * *
Unknown command.
You hit Ijyb.
Ijyb is moderately wounded.
Ijyb screams, "I cut your head off!" Ijyb hits you with a +0 club.
* * * LOW HITPOINT WARNING * * *
Unknown command.
You barely miss Ijyb.
Ijyb is moderately wounded.
You block Ijyb's attack.
You closely miss Ijyb. You bite Ijyb, but do no damage.
Ijyb is moderately wounded.
Ijyb closely misses you.
You hit Ijyb but do no damage.
Ijyb is moderately wounded.
Ijyb grins evilly.
Ijyb zaps a wand.
Your mind is blasted!
* * * LOW HITPOINT WARNING * * *
Unknown command.
You closely miss Ijyb.
Ijyb is moderately wounded.
Ijyb hits you but does no damage.
An adder comes into view.
You closely miss Ijyb.
The adder hisses angrily.
Your bite misses Ijyb.
Ijyb is moderately wounded.
Ijyb zaps a wand.
Your mind is blasted!
Ouch! That really hurt!
You die...

..#. ..S. #.>. ..# ...
#r# #g# #####@#######
... #.#(........[.# #...
#.#.###.#####.#
#...##.#.# #.#
#....#.#.###.#####.##.#
##......................
.....).......##########
#.####.#.#####.
#...............


You could see Ijyb, an adder and a rat.

Vanquished Creatures
  Robin (D:2)
  4 adders
  2 dart slugs (D:1)
  A worm (D:2)
  2 ball pythons (D:1)
  6 bats
  2 endoplasms (D:1)
  A giant cockroach (D:3)
  12 goblins
  6 hobgoblins
  8 jackals
  2 quokkas (D:1)
  5 frilled lizards
  5 kobolds
  2 rats
59 creatures vanquished.

Notes
Turn   | Place    | Note
-------+----------+-------------------------------------------
     0 | D:1      | sbbq2022 the Vine Stalker Fighter began the quest for the
                  | Orb.
     0 | D:1      | Reached XP level 1. HP: 11/11 MP: 2/2
   176 | D:1      | Found Maypeece's Distillery.
   201 | D:1      | Reached XP level 2. HP: 10/16 MP: 3/3
   442 | D:1      | Found a faded altar of an unknown god.
   449 | D:1      | Bought a potion of curing for 39 gold pieces
   486 | D:1      | Reached XP level 3. HP: 8/19 MP: 4/4
   990 | D:2      | Noticed Robin
   997 | D:2      | Killed Robin
   998 | D:2      | Gained mutation: Your natural rate of healing is unusually
                  | fast. [Vine Stalker growth]
   998 | D:2      | Reached XP level 4. HP: 18/24 MP: 5/5
  1068 | D:2      | Found Joom Xos's General Store.
  1109 | D:2      | Reached skill level 1 in Dodging
  1450 | D:3      | Found Ymuin Guno's Assorted Antiques.
  1619 | D:3      | Reached XP level 5. HP: 28/28 MP: 6/6
  1626 | D:3      | Noticed Ijyb
  1646 | D:3      | Blown up by Ijyb

Illustrated notes

Levels and vault maps discovered:
D:1:      amcnicky_arrival_gap_in_the_tavern_cellar, layout_basic,
          hellmonk_ecumenical_altar_blasted, serial_shops, shop, st_stairs_6
D:2:      layout_basic, serial_shops, shop, minivault_24, uniq_robin
D:3:      layout_loops_ring, ebering_ghost_inner_flame, serial_shops,
          nicolae_shop_window_shopping, st_stairs_9, uniq_ijyb, uniq_terence

Skill      XL: |  1  2  3  4 |
---------------+-------------+-----
Short Blades   | 2 |  2.9
Fighting       | 3 |  3.2
Shields        | 3 |  3.1
Dodging        | 1 |  1.2
Armour         | |  2.9

Action                   |  1- 3 |  4- 6 || total
-------------------------+-------+-------++-------
Melee: Rapier            |    97 |    67 ||   164
       Bite              |    22 |    16 ||    38
  Use: Potion            |       |     1 ||     1
Armor: Scale mail        |    47 |    38 ||    85
Dodge: Dodged            |    40 |    27 ||    67
Block: Buckler           |    18 |     9 ||    27

Table legend: (Time is in decaauts)
 A = Elapsed time spent in this place.
 B = Non-inter-level travel time spent in this place.
 C = Inter-level travel time spent in this place.
 D = Time resting spent in this place.
 E = Time spent auto-exploring this place.
 F = Levels seen in this place.
 G = Mean time per level.
                   A        B        C        D        E       F      G
               +--------+--------+--------+--------+--------+-----+--------+
         Total |   1665 |   1640 |     25 |    279 |    969 |   3 |  555.0 |
       Dungeon |   1665 |   1640 |     25 |    279 |    969 |   3 |  555.0 |
               +--------+--------+--------+--------+--------+-----+--------+

Top non-repeatable levels by time:
     D:1: 838 daAuts
     D:2: 612 daAuts
     D:3: 215 daAuts
